 Dungeon Crawl Stone Soup version 0.29-a0-870-g2c972031a6 (webtiles) character file.

Game seed: 1678136721329041280

24371 kevlar127 the Grappler (level 12, -28/195 HPs)
             Began as a Troll Berserker on July 17, 2022.
             Was a High Priest of Trog.
             Annihilated by Saint Roka
             ... wielding a +3 vorpal war axe
              (35 damage)
             ... on level 2 of the Orcish Mines on July 18, 2022.
             The game lasted 00:44:50 (10159 turns).

kevlar127 the Grappler (Troll Berserker)           Turns: 10159, Time: 00:44:50

Health: -28/195    AC: 11    Str: 34    XL:     12   Next: 80%
Magic:  11/11      EV: 10    Int:  3    God:    Trog [*****.]
Gold:   894        SH:  0    Dex: 15    Spells: 11/11 levels left

rFire   . . .      SeeInvis .     - Unarmed
rCold   . . .      Faith    .   (no shield)
rNeg    . . .      Spirit   .   w - +2 robe of the Shore {Dex+6}
rPois   +          Reflect  .   (helmet restricted)
rElec   .          Harm     .   g - +0 cloak
rCorr   .          Rampage  .   (gloves unavailable)
Will    ++...                   (boots unavailable)
Stlth   ..........              O - amulet of regeneration
HPRegen 3.02/turn               M - +4 ring of protection
MPRegen 0.12/turn               r - ring "Ijom" {rPois Str+2}

@: berserking (expiring), strong-willed, regenerating, very quick
A: large, unfitting armour, claws 3, regeneration 1, shaggy fur 1, tough skin 1,
screaming 1
a: Renounce Religion, Berserk, Trog's Hand, Brothers in Arms


You were on level 2 of the Orcish Mines.
You worshipped Trog.
Trog was extremely pleased with you.
You visited 2 branches of the dungeon, and saw 12 of its levels.

You collected 1323 gold pieces.
You spent 429 gold pieces at shops.

Inventory:

Missiles
 c - 91 stones
 h - 13 poisoned darts
 v - 20 large rocks
 D - 9 boomerangs (quivered)
 I - a curare-tipped dart
 Q - a throwing net
Armour
 g - a +0 cloak (worn)
 w - the +2 robe of the Shore (worn) {Dex+6}
   (You found it on level 3 of the Dungeon)

   Dex:       It affects your dexterity (+6).
Jewellery
 r - the ring "Ijom" (right claw) {rPois Str+2}
   (You acquired it on level 9 of the Dungeon)

   [ring of poison resistance]

   Str:       It affects your strength (+2).
   rPois:     It protects you from poison.
 H - a +6 ring of intelligence
 M - a +4 ring of protection (left claw)
 N - an amulet of the acrobat
 O - an amulet of regeneration (around neck)
Wands
 B - a wand of flame (22)
 J - a wand of paralysis (18)
 K - a wand of light (9)
 L - a wand of digging (9)
 T - a wand of roots (4)
Scrolls
 a - a scroll of enchant weapon {unknown}
 d - a scroll of magic mapping {unknown}
 f - 2 scrolls of blinking
 i - 2 scrolls of vulnerability
 n - 7 scrolls of amnesia
 p - 4 scrolls of teleportation
 q - 3 scrolls of enchant armour
 u - a scroll of torment
 y - 7 scrolls of immolation
 z - 2 scrolls of fear
 C - 4 scrolls of noise
 E - 2 scrolls of fog
Potions
 e - 3 potions of magic
 j - a potion of resistance {unknown}
 k - 4 potions of heal wounds
 l - 6 potions of curing
 m - 2 potions of degeneration {unknown}
 o - 3 potions of might
 s - 2 potions of flight
 x - 2 potions of attraction {unknown}
 A - 2 potions of berserk rage
 F - a potion of cancellation {unknown}
 G - a potion of lignification
 P - a potion of invisibility
 S - a potion of brilliance


   Skills:
 + Level 11.1 Fighting
 + Level 10.3 Throwing
 - Level 4.0 Armour
 - Level 3.0 Dodging
 + Level 13.1 Unarmed Combat


You had 11 spell levels left.
You didn't know any spells.
Your spell library was empty.

Dungeon Overview and Level Annotations

Branches:
Dungeon (10/15)            Temple (0/1) D:6            Lair (0/5) D:8
    Orc (2/2) D:10            Elf (0/3) Orc:2

Altars:
Cheibriados
Fedhas
Kikubaaqudgha
Makhleb
Nemelex Xobeh
Okawaru
Ru
Sif Muna
Trog
Vehumet
Xom
Yredelemnul
Zin
The Shining One

Shops:
D:2 ?   D:3 (   D:6 [   Orc:1 :   Orc:2 :!?(

Annotations:
Orc:2 Saint Roka


Innate Abilities, Weirdness & Mutations

You are too large for most types of armour.
You have claws for hands.
Your natural rate of healing is unusually fast.
You are covered in fur. (AC +1)
You have tough skin. (AC +1)
You occasionally shout uncontrollably at your foes.


Message History

The orc hits you with a +0 short sword.
* * * LOW HITPOINT WARNING * * *
Saint Roka roars a battlecry!
The orc goes into a battle-frenzy!
Things that are here:
a +0 halberd; a +0 plate armour; an orc corpse You claw the orc!
You feel the power of Trog in you as your rage grows.
You kill the orc!
Trog accepts your kill.
You claw the orc! You claw the orc.
You kill the orc!
Trog accepts your kill.
Saint Roka shoots a bolt.
The bolt hits you!!
* * * LOW HITPOINT WARNING * * *
The orc barely misses you.
Saint Roka calls down the wrath of Beogh upon you.
Beogh smites you!
* * * LOW HITPOINT WARNING * * *
Things that are here:
a +0 glaive; a +0 chain mail; an orc corpse You mangle Saint Roka!!
Saint Roka is lightly wounded.
You mangle Saint Roka!!
Saint Roka is moderately wounded.
The orc barely misses you.
Saint Roka unwields a +0 arbalest.
Saint Roka wields a +3 vorpal war axe.
Saint Roka hits you with a +3 vorpal war axe!!
* * * LOW HITPOINT WARNING * * *
x2 Unknown command.
You scratch Saint Roka but do no damage.
Saint Roka is moderately wounded.
You barely miss Saint Roka.
Saint Roka is moderately wounded.
The orc hits you but does no damage.
Unknown command.
You mangle Saint Roka!!
Saint Roka is moderately wounded.
Saint Roka hits you with a +3 vorpal war axe!!
You die...

...##
###.#..###....###......
..## ##.).....###..###..
### #.................... #
##................... #
#...#......#........
##................... .
#........#........... ..
###
##.#..o))##.............
#.##
####.#@#.#.............
...#
#####.#o)).............
..##
###.##...o...............
#.#
##........................
..##
#....................)....
...#
##...................)....
...#
#.........................
...#
##.............#...........
..##
#..........................


You could see Saint Roka, an orc warrior (strong) and an orc (strong).

Vanquished Creatures
  4 ogre magi (Orc:2)
  15 two-headed ogres
  A manticore (D:9)
  An orc sorcerer (Orc:2)
  2 cyclopes
  A kobold demonologist (D:8)
  A troll (Orc:1)
  Prince Ribbit (D:5)
  A raiju (shapeshifter) (D:10)
  5 wyverns
  A shadow (D:9)
  Eustachio (D:5)
  8 yaks
  A steam dragon (D:8)
  3 wargs
  An acid dragon (D:8)
  A water moccasin (D:6)
  20 orc warriors
  3 sky beasts
  A black bear (D:4)
  25 ogres
  3 centaurs
  A phantom (D:5)
  3 kobold brigands
  2 gnoll sergeants (D:8)
  3 necrophages
  3 bullfrogs
  3 scorpions
  9 wights
  6 howler monkeys
  The ghost of jimonade the Conjurer, a weakling DECj (D:3)
  5 hounds
  9 orc priests
  3 jellies
  A gnoll bouda (D:8)
  4 iguanas
  Ijyb (D:5)
  12 orc wizards
  14 gnolls (D:8)
  6 adders
  An ufetubus (D:6)
  2 worms
  2 dart slugs
  41 orcs
  6 bats
  6 endoplasms
  3 giant cockroaches
  7 goblins
  4 hobgoblins
  5 jackals
  2 quokkas (D:2)
  3 ball pythons (D:2)
  2 frilled lizards (D:1)
  15 kobolds
  6 rats
291 creatures vanquished.

Vanquished Creatures (collateral kills)
  A cyclops (Orc:2)
  3 ogres (Orc:2)
  An orc (Orc:2)
5 creatures vanquished.

Vanquished Creatures (others)
  2 plants (D:6)
2 creatures vanquished.

Grand Total: 298 creatures vanquished

Notes
Turn   | Place    | Note
-------+----------+-------------------------------------------
     0 | D:1      | kevlar127 the Troll Berserker began the quest for the Orb.
     0 | D:1      | Reached XP level 1. HP: 22/22 MP: 0/0
   103 | D:1      | Reached XP level 2. HP: 29/29 MP: 1/1
   703 | D:2      | Reached ** piety under Trog
   704 | D:2      | Reached XP level 3. HP: 36/36 MP: 2/2
   976 | D:2      | Found a faded altar of an unknown god.
  1004 | D:2      | Found Camuafin's Magic Scroll Shop.
  1035 | D:2      | Bought a scroll of teleportation for 39 gold pieces
  1093 | D:2      | Reached XP level 4. HP: 45/45 MP: 3/3
  1224 | D:3      | Found a glowing silver altar of Zin.
  1290 | D:3      | Found Kyskyn's Antique Weapon Boutique.
  1300 | D:3      | Reached skill level 4 in Unarmed Combat
  1373 | D:3      | Found a runed translucent gate.
  1373 | D:3      | Found a runed translucent gate.
  1374 | D:3      | Found a runed translucent gate.
  1377 | D:3      | Noticed jimonade's ghost (weakling DECj)
  1387 | D:3      | Noticed a necrophage
  1401 | D:3      | Killed a necrophage
  1402 | D:3      | Reached XP level 5. HP: 38/53 MP: 4/4
  1427 | D:3      | Found a shimmering blue altar of Sif Muna.
  1532 | D:3      | Identified the +2 robe of the Shore {Dex+6}
  1702 | D:3      | Found a radiant altar of Vehumet.
  1811 | D:3      | Killed jimonade's ghost
  2128 | D:4      | Reached skill level 1 in Armour
  2137 | D:4      | Reached XP level 6. HP: 57/62 MP: 5/5
  2144 | D:4      | Reached skill level 1 in Throwing
  2364 | D:4      | Reached skill level 5 in Unarmed Combat
  2379 | D:4      | Found a bloodstained altar of Trog.
  2617 | D:4      | Reached XP level 7. HP: 54/71 MP: 6/6
  2947 | D:5      | Entered Level 5 of the Dungeon
  3116 | D:5      | Noticed Ijyb
  3117 | D:5      | Noticed Prince Ribbit
  3129 | D:5      | Killed Ijyb
  3140 | D:5      | Killed Prince Ribbit
  3781 | D:5      | Reached XP level 8. HP: 74/78 MP: 7/7
  3832 | D:5      | Found a sparkling altar of Nemelex Xobeh.
  3882 | D:5      | Noticed Eustachio
  3895 | D:5      | Killed Eustachio
  3895 | D:5      | Reached *** piety under Trog
  3896 | D:5      | Reached skill level 5 in Fighting
  3896 | D:5      | Reached skill level 6 in Unarmed Combat
  3964 | D:6      | Found Ziqozuas's Antique Armour Shop.
  4003 | D:6      | Found a burning altar of Makhleb.
  4013 | D:6      | Found a staircase to the Ecumenical Temple.
  4074 | D:6      | Found a sand-covered staircase.
  4131 | D:6      | Found a basalt altar of Yredelemnul.
  4136 | D:6      | You fall into a shaft and drop 2 floors!
  4245 | D:8      | Reached skill level 7 in Unarmed Combat
  4445 | D:8      | Found a staircase to the Lair.
  4471 | D:8      | Reached skill level 5 in Throwing
  4471 | D:8      | Reached XP level 9. HP: 85/89 MP: 8/8
  4808 | D:6      | Identified the +7 chain mail "Emahafydah" {-Tele rCorr
                  | Str+4 Stlth+}
  5005 | D:6      | Reached skill level 8 in Unarmed Combat
  5428 | D:7      | Found a shimmering altar of Xom.
  5428 | D:7      | Found a glowing golden altar of the Shining One.
  5733 | D:8      | Reached **** piety under Trog
  5775 | D:8      | Noticed a kobold demonologist
  5790 | D:8      | Noticed a sixfirhy
  5790 | D:8      | Killed a kobold demonologist
  6268 | D:2      | Bought a scroll of amnesia for 52 gold pieces
  6268 | D:2      | Bought a scroll of fog for 52 gold pieces
  6268 | D:2      | Bought a scroll of noise for 13 gold pieces
  6268 | D:2      | Bought a scroll of immolation for 52 gold pieces
  6268 | D:2      | Bought 3 scrolls of identify for 78 gold pieces
  6268 | D:2      | Bought a scroll of identify for 26 gold pieces
  6275 | D:2      | Identified a scroll of acquirement
  6448 | D:9      | Reached XP level 10. HP: 102/102 MP: 9/9
  6542 | D:9      | Acquired the ring "Ijom" {rPois Str+2}
  6571 | D:9      | Found a blossoming altar of Fedhas.
  6610 | D:9      | Reached skill level 9 in Unarmed Combat
  6693 | D:9      | Found an iron altar of Okawaru.
  6836 | D:9      | Found a sacrificial altar of Ru.
  6877 | D:9      | Noticed a manticore
  6877 | D:9      | Noticed a two-headed ogre
  6882 | D:9      | Killed a manticore
  6884 | D:9      | Killed a two-headed ogre
  7082 | D:10     | Entered Level 10 of the Dungeon
  7092 | D:10     | Found an ancient bone altar of Kikubaaqudgha.
  7139 | D:10     | Reached skill level 10 in Unarmed Combat
  7204 | D:10     | Reached ***** piety under Trog
  7213 | D:10     | Found a staircase to the Orcish Mines.
  7746 | D:10     | Found a snail-covered altar of Cheibriados.
  7772 | D:10     | Noticed a two-headed ogre
  7777 | D:10     | Killed a two-headed ogre
  7778 | D:10     | Reached XP level 11. HP: 99/113 MP: 10/10
  7916 | Orc:1    | Entered Level 1 of the Orcish Mines
  7945 | Orc:1    | Received a gift from Trog
  8541 | Orc:1    | Found Hellom's Book Shop.
  8612 | Orc:2    | Entered Level 2 of the Orcish Mines
  9014 | Orc:2    | Found a shimmering altar of Xom.
  9122 | Orc:2    | Noticed an orc sorcerer
  9123 | Orc:2    | Gained mutation: You occasionally shout uncontrollably at
                  | your foes. [a neqoxec]
  9153 | Orc:2    | Noticed a two-headed ogre
  9153 | Orc:2    | Noticed a two-headed ogre
  9154 | Orc:2    | Noticed a two-headed ogre
  9195 | Orc:2    | Killed a two-headed ogre
  9201 | Orc:2    | Killed a two-headed ogre
  9202 | Orc:2    | Reached skill level 11 in Unarmed Combat
  9206 | Orc:2    | Killed an orc sorcerer
  9399 | Orc:2    | Noticed a two-headed ogre
  9405 | Orc:2    | Killed a two-headed ogre
  9413 | Orc:2    | Noticed a two-headed ogre
  9418 | Orc:2    | Killed a two-headed ogre
  9419 | Orc:2    | Noticed an ogre mage
  9423 | Orc:2    | Killed an ogre mage
  9433 | Orc:2    | Noticed a two-headed ogre
  9444 | Orc:2    | Killed a two-headed ogre
  9464 | Orc:2    | Found Zinnay's Book Boutique.
  9464 | Orc:2    | Found Vaakettes's Magic Scroll Emporium.
  9464 | Orc:2    | Found Vaxus's Distillery.
  9464 | Orc:2    | Found Nuikkef's Weapon Shop.
  9466 | Orc:2    | Noticed an ogre mage
  9469 | Orc:2    | Noticed a two-headed ogre
  9470 | Orc:2    | Killed an ogre mage
  9471 | Orc:2    | Reached XP level 12. HP: 97/126 MP: 11/11
  9480 | Orc:2    | Killed a two-headed ogre
  9497 | Orc:2    | Noticed a two-headed ogre
  9507 | Orc:2    | Killed a two-headed ogre
  9508 | Orc:2    | Reached skill level 10 in Fighting
  9508 | Orc:2    | Reached skill level 10 in Throwing
  9527 | Orc:2    | Killed a two-headed ogre
  9531 | Orc:2    | Bought a potion of heal wounds for 65 gold pieces
  9531 | Orc:2    | Bought a potion of might for 52 gold pieces
  9535 | Orc:2    | Noticed an ogre mage
  9540 | Orc:2    | Killed an ogre mage
  9541 | Orc:2    | Reached skill level 12 in Unarmed Combat
  9542 | Orc:2    | Noticed a two-headed ogre
  9544 | Orc:2    | Noticed a two-headed ogre
  9556 | Orc:2    | Killed a two-headed ogre
  9561 | Orc:2    | HP: 8/190 [two-headed ogre/+0 giant spiked club (17)]
  9564 | Orc:2    | Killed a two-headed ogre
  9576 | Orc:2    | Noticed a two-headed ogre
  9590 | Orc:2    | Killed a two-headed ogre
  9703 | Orc:2    | Noticed an ogre mage
  9708 | Orc:2    | Killed an ogre mage
  9744 | Orc:2    | Found a staircase to the Elven Halls.
  9837 | Orc:2    | Noticed a two-headed ogre
  9840 | Orc:2    | Killed a two-headed ogre
  9847 | Orc:2    | Noticed Saint Roka
  9855 | Orc:2    | Noticed a two-headed ogre
  9861 | Orc:2    | Killed a two-headed ogre
  9862 | Orc:2    | Reached skill level 13 in Unarmed Combat
 10156 | Orc:2    | HP: 6/195 [Saint Roka/+3 vorpal war axe (21)]
 10159 | Orc:2    | Annihilated by Saint Roka

Illustrated notes

Levels and vault maps discovered:
D:1:      lightli_arrival_boilingwater, layout_basic
D:2:      cheibrodos_helix_gallery, layout_basic, serial_shops, shop,
          chequers_ecumenical_altar_simple
D:3:      layout_basic, nicolae_sif_muna_little_library,
          grunt_temple_overflow_open, serial_shops, shop,
          ebering_ghost_rock_garden, st_stairs_7, minmay_misc_feat_roman
D:4:      layout_basic, mainiacjoe_overflow_alcove_2
D:5:      layout_loops_ring, lemuel_coloured_pillars_altar, uniq_prince_ribbit1,
          uniq_ijyb, uniq_eustachio
D:6:      layout_basic, mainiacjoe_overflow_paths, makhleb_altar_promises_db,
          minmay_temple_entry_gardened_gates, enter_ossuary_1, serial_shops,
          nicolae_shop_crystal
D:7:      layout_gridville, nicolae_overflow_hidden_temple
D:8:      layout_loops_ring, lair_entry_dummy
D:9:      layout_cave_pools, overflow_temple_1_default,
          mainiacjoe_overflow_six_doors_small, fedhas_bush_and_centaur_altar,
          lightli_fourway_metalbox
D:10:     layout_loops_ring, amcnicky_altar_gilded,
          mainiacjoe_overflow_alcove_4, erik_orc_3
Orc:1:    layout_diamond_mine, serial_shops, shop
Orc:2:    st_orc_ogre_mass, layout_diamond_mine, basic_altar, uniq_saint_roka

Skill      XL: |  1  2  3  4  5  6  7  8  9 10 11 12 |
---------------+-------------------------------------+-----
Fighting       | 3 4 6 7 8 9 11 | 11.1
Dodging        | 3 |  3.0
Unarmed Combat | 4 5 7 8 10 11 13 | 13.1
Armour         | 1 2 3 4 |  4.0
Throwing       | 2 3 5 6 8 9 10 | 10.3

Action                   |  1- 3 |  4- 6 |  7- 9 | 10-12 || total
-------------------------+-------+-------+-------+-------++-------
Melee: Unarmed           |    79 |    95 |   208 |   246 ||   628
       Punch             |     2 |     6 |     6 |    11 ||    25
Throw: Stone             |       |       |     4 |       ||     4
       Boomerang         |       |       |    46 |   265 ||   311
       Large rock        |       |       |       |     8 ||     8
Invok: Berserk           |       |     1 |     3 |     4 ||     8
       Trog's Hand       |       |     1 |     2 |     3 ||     6
  Use: Scroll            |       |       |     8 |     9 ||    17
       Potion            |       |       |     1 |       ||     1
 Stab: Sleeping          |       |     1 |     3 |     2 ||     6
Armor: Animal skin       |    33 |    14 |       |       ||    47
       Robe              |       |    18 |    75 |    41 ||   134
Dodge: Dodged            |    50 |    51 |    97 |    95 ||   293

Table legend: (Time is in decaauts)
 A = Elapsed time spent in this place.
 B = Non-inter-level travel time spent in this place.
 C = Inter-level travel time spent in this place.
 D = Time resting spent in this place.
 E = Time spent auto-exploring this place.
 F = Levels seen in this place.
 G = Mean time per level.
                   A        B        C        D        E       F      G
               +--------+--------+--------+--------+--------+-----+--------+
         Total |  10110 |   8897 |   1213 |   1028 |   6173 |  12 |  842.5 |
       Dungeon |   7918 |   6852 |   1066 |    511 |   5206 |  10 |  791.8 |
  Orcish Mines |   2192 |   2046 |    146 |    516 |    967 |   2 | 1096.0 |
               +--------+--------+--------+--------+--------+-----+--------+

Top non-repeatable levels by time:
   Orc:2: 1180 daAuts
     D:5: 1050 daAuts
   Orc:1: 1012 daAuts
     D:4: 948 daAuts
     D:8: 877 daAuts
    D:10: 826 daAuts
     D:3: 785 daAuts
     D:6: 763 daAuts
     D:7: 692 daAuts
     D:1: 684 daAuts
     D:9: 649 daAuts
     D:2: 639 daAuts
